 Dungeon Crawl Stone Soup version 0.21.1-1-g345015fe64 (webtiles) character file.

251 Holzbalken the Changer (level 6, -1/34 HPs)
             Began as an Octopode Transmuter on July 8, 2018.
             Was an Initiate of Makhleb.
             Slain by a slave (3 damage)
             ... led by Pikel
             ... on level 4 of the Dungeon.
             The game lasted 00:14:43 (3657 turns).

Holzbalken the Changer (Octopode Transmuter)        Turns: 3657, Time: 00:14:45

Health: -1/34      AC:  1    Str:  9    XL:     6   Next: 13%
Magic:  20/20      EV: 14    Int: 15    God:    Makhleb [......]
Gold:   107        SH:  0    Dex: 17    Spells: 9/12 levels left

rFire    . . .     SeeInvis .     - Unarmed
rCold    . . .     Gourm    .   (no shield)
rNeg     + . .     Faith    .   (helmet restricted)
rPois    .         Spirit   .   (no amulet)
rElec    .         Reflect  .   o - +2 ring of dexterity
rCorr    .         Harm     .   n - ring of magical power
MR       .....                  m - ring of positive energy
Stlth    ++++......             (no ring)
HPRegen  0.11/turn              (no ring)
MPRegen  0.17/turn              (no ring)
                                (no ring)
                                (no ring)

@: no status effects
A: almost no armour, stealthy swim, amphibious, 8 rings, constrict 8, tentacle
spike 1, camouflage 1, frail 1, gelatinous body 1
a: Renounce Religion


You were on level 4 of the Dungeon.
You worshipped Makhleb.
Makhleb was noncommittal.
You were near starving.

You visited 2 branches of the dungeon, and saw 5 of its levels.

You collected 107 gold pieces.

Inventory:

Missiles
 a - 51 arrows
Jewellery
 m - a ring of positive energy (on tentacle)
 n - a ring of magical power (right tentacle)
 o - a +2 ring of dexterity (left tentacle)
 r - an uncursed ring of flight {unknown}
Scrolls
 d - 2 scrolls of teleportation {unknown}
 k - 4 scrolls of remove curse {unknown}
 l - 3 scrolls of identify {unknown}
 q - a scroll of enchant weapon {unknown}
 s - a scroll of enchant armour {unknown}
Potions
 f - a potion of heal wounds {unknown}
 g - a potion of flight {unknown}
 h - 3 potions of curing
 i - a potion of ambrosia {unknown}
 j - 3 potions of degeneration {unknown}
Books
 b - a book of Changes

   Spells                             Type                      Level
   a - Beastly Appendage              Transmutation                1
   b - Sticks to Snakes               Transmutation                2
   c - Spider Form                    Transmutation/Poison         3
   d - Ice Form                       Ice/Transmutation            4
   e - Blade Hands                    Transmutation                5
Comestibles
 c - 8 rations


   Skills:
 - Level 1.0 Fighting
 + Level 3.0 Dodging
 + Level 3.8 Unarmed Combat
 * Level 3.6 Spellcasting
 * Level 3.8 Transmutations


You had 9 spell levels left.
You knew the following spells:

 Your Spells              Type           Power        Failure   Level  Hunger
a - Beastly Appendage     Tmut           ##....       3%          1    None
b - Sticks to Snakes      Tmut           ##......     5%          2    ##.....


Dungeon Overview and Level Annotations

Branches:
Dungeon (4/15)             Temple (1/1) D:4

Altars:
Elyvilon
Fedhas
Gozag
Hepliaklqana
Kikubaaqudgha
Makhleb
Nemelex Xobeh
Okawaru
Qazlal
Sif Muna
Trog
Uskayaw
Vehumet
Wu Jian
Xom
Yredelemnul
Zin

Annotations:
D:4 Pikel


Innate Abilities, Weirdness & Mutations

You cannot wear most types of armour.
You are very stealthy in the water. (Stealth+)
You are amphibious.
You can wear up to eight rings at the same time.
You can use your tentacles to constrict eight enemies at once.
Your skin changes colour to match your surroundings (Stealth+).
Your rubbery body absorbs attacks. (AC +1, EV +1)
One of your tentacles bears a spike.
You are frail. (-10% HP)


Message History

You start resting.
Pikel says, "You'll fetch a fair price!"
Pikel cracks his whip.
HP restored.
You start waiting.
Pikel says, "I'm sure the Orcish Mines are around here somewhere..."
Pikel says, "You'll fetch a fair price!"
You are near starving!
Pikel hits you with a whip of electrocution.
You are electrocuted!
Ouch! That really hurt!
The slave hits you.
* * * LOW HITPOINT WARNING * * *
You tentacle-slap Pikel but do no damage.
You grab Pikel.
You pierce Pikel, but do no damage.
You constrict Pikel, but do no damage.
Pikel hits you with a whip of electrocution.
* * * LOW HITPOINT WARNING * * *
The slave hits you.
You die...

#.###.##.####....
.#####........###.....#
......................#
# #......≈≈≈≈≈.........#
..#....≈≈≈≈≈≈≈≈≈.......#
#....≈≈≈≈≈≈≈≈≈≈≈≈≈p..
##.≈≈≈≈≈≈≈≈≈≈≈≈≈≈≈.#
##..≈≈≈≈≈≈p..≈≈≈≈≈≈.#
#...≈≈≈≈≈@K>.≈≈≈≈≈≈K#
....≈≈≈≈≈≈...≈≈≈≈≈≈.
#....≈≈≈≈≈≈≈≈≈≈≈≈≈..
......p≈≈≈≈≈≈≈≈≈...
.......pp≈≈≈≈≈.....
...?............... .##
#........##.##.....
..... #...........#
####. .#


You could see Pikel and 4 slaves.

Vanquished Creatures
  An ogre (D:3)
  An orc priest (D:3)
  Terence (D:1)
  4 adders (D:3)
  An ooze (D:3)
  3 dart slugs
  5 leopard geckos
  4 orcs (D:3)
  2 bats
  8 goblins
  7 hobgoblins
  7 jackals
  A quokka (D:2)
  2 frilled lizards
  7 kobolds
  2 rats
56 creatures vanquished.

Notes
Turn   | Place    | Note
-------+----------+-------------------------------------------
     0 | D:1      | Holzbalken the Octopode Transmuter began the quest for the Orb.
     0 | D:1      | Reached XP level 1. HP: 13/13 MP: 3/3
   368 | D:1      | Reached XP level 2. HP: 18/18 MP: 5/5
  1093 | D:2      | Noticed Terence
  1104 | D:1      | Killed Terence
  1104 | D:1      | Reached XP level 3. HP: 14/23 MP: 4/6
  1621 | D:2      | Reached XP level 4. HP: 23/28 MP: 8/8
  2270 | D:3      | Learned a level 2 spell: Sticks to Snakes
  2349 | D:3      | Noticed an ogre
  2382 | D:3      | Killed an ogre
  2382 | D:3      | Reached XP level 5. HP: 28/33 MP: 9/9
  2869 | D:3      | Reached XP level 6. HP: 5/38 MP: 11/11
  2872 | D:3      | Gained mutation: You are frail. (-10% HP) [potion of mutation]
  2872 | D:3      | Gained mutation: You are very frail. (-20% HP) [potion of mutation]
  2872 | D:3      | Gained mutation: You have a pair of small antennae on your head. [potion of mutation]
  3102 | D:3      | Lost mutation: You have a pair of small antennae on your head. [potion of mutation]
  3102 | D:3      | Lost mutation: You are very frail. (-20% HP) [potion of mutation]
  3102 | D:3      | Gained mutation: You have a pair of small antennae on your head. [potion of mutation]
  3102 | D:3      | Gained mutation: You are clumsy. (Dex -2) [potion of mutation]
  3102 | D:3      | Gained mutation: You have an increased reservoir of magic. (+10% MP) [potion of mutation]
  3103 | D:3      | Lost mutation: You are clumsy. (Dex -2) [potion of mutation]
  3103 | D:3      | Lost mutation: You have a pair of small antennae on your head. [potion of mutation]
  3103 | D:3      | Lost mutation: You have an increased reservoir of magic. (+10% MP) [potion of mutation]
  3103 | D:3      | Gained mutation: One of your tentacles bears a spike. [potion of mutation]
  3270 | D:4      | Found a staircase to the Ecumenical Temple.
  3271 | D:4      | Noticed Pikel
  3272 | D:4      | Noticed a slave
  3274 | D:4      | Noticed a slave
  3277 | D:4      | Noticed a slave
  3280 | Temple   | Entered the Ecumenical Temple
  3362 | Temple   | Became a worshipper of Makhleb the Destroyer
  3468 | D:4      | Noticed a slave
  3657 | D:4      | Slain by a slave

Skill      XL: |  1  2  3  4  5 |
---------------+----------------+-----
Transmutations | 3 |  3.8
Spellcasting   | 3 |  3.6
Dodging        | 3 |  3.0
Fighting       | |  1.0
Unarmed Combat | |  3.8

Action                   |  1- 3 |  4- 6 || total
-------------------------+-------+-------++-------
Melee: Unarmed           |    58 |    80 ||   138
       Constrict         |    18 |    22 ||    40
       Tentacles         |    10 |    17 ||    27
       Kick              |     6 |    21 ||    27
       Punch             |     1 |     1 ||     2
 Cast: Beastly Appendage |     4 |     6 ||    10
  Use: Potion            |       |     5 ||     5
 Stab: Sleeping          |     7 |     4 ||    11
  Eat: Chunk             |     2 |     5 ||     7
Armor: Skin              |     2 |     5 ||     7
Dodge: Dodged            |    23 |    55 ||    78
